 Dungeon Crawl Stone Soup version 0.21-a0-264-g3e31e41 (webtiles) character file.

9327 roguesci the Skirmisher (level 11, -3/84 HPs)
             Began as a Demonspawn Skald on Sept 7, 2017.
             Was a Follower of Uskayaw.
             Slain by an eight-headed hydra (8 damage)
             ... on level 10 of the Dungeon on Sept 9, 2017.
             The game lasted 00:51:33 (14342 turns).

roguesci the Skirmisher (Demonspawn Skald)         Turns: 14342, Time: 00:51:35

Health: -3/84      AC: 11    Str: 12    XL:     11   Next: 21%
Magic:  13/19      EV: 16    Int: 26    God:    Uskayaw [*.....]
Gold:   180        SH:  6    Dex: 23    Spells: 15/21 levels left

rFire    + + .     SeeInvis +   P - +5 war axe (freeze)
rCold    + . .     Gourm    .   (no shield)
rNeg     . . .     Faith    .   C - +7 ring mail "Uziwnaat" {*Corrode rElec rPois Int+6}
rPois    +         Spirit   .   (helmet restricted)
rElec    +         Reflect  .   B - +1 cloak
rCorr    +         Harm     .   w - +0 pair of gloves
MR       .....     Rnd*Rage +   R - +1 pair of boots of the Rose {-Tele rPois rCorr Int+3 Dex+4} Stlth +++.......NoTele +
                                F - amulet of Ecurim {*Corrode +Rage rF++ Int+2 Dex+2}
HPRegen  0.24/turn              f - ring of see invisible
MPRegen  0.16/turn              n - ring of protection from cold

@: shrouded, infused, corroded
A: antennae 2, claws 1, large bone plates 2, agile 1, berserk 1, blink,
nightstalker 1, shaggy fur 1
a: Blink, Stomp, Renounce Religion, Evoke Berserk Rage


You were on level 10 of the Dungeon.
You worshipped Uskayaw.
Uskayaw was noncommittal.
You were full.

You visited 2 branches of the dungeon, and saw 13 of its levels.

You collected 488 gold pieces.
You spent 308 gold pieces at shops.

Inventory:

Hand Weapons
 O - a +4 battleaxe
 P - a +5 war axe of freezing (weapon)
Missiles
 l - 223 stones (quivered)
 J - a throwing net
Armour
 a - the +1 chain mail "Zuolul" {rElec rF+}
   (You found it on level 10 of the Dungeon)

   It protects you from fire.
   It insulates you from electricity.
 w - a +0 pair of gloves (worn)
 B - a +1 cloak (worn)
 C - the +7 ring mail "Uziwnaat" (worn) {*Corrode rElec rPois Int+6}
   (You found it on level 4 of the Dungeon)

   It affects your intelligence (+6).
   It insulates you from electricity.
   It protects you from poison.
   It may corrode you when you take damage.
 D - a scarf of cloud immunity
 H - a +0 buckler
 L - a +1 troll leather armour
 N - a +4 scale mail
 R - the +1 pair of boots of the Rose (worn) {-Tele rPois rCorr Int+3 Dex+4}
   (You found it on level 10 of the Dungeon)

   It affects your intelligence (+3).
   It affects your dexterity (+4).
   It protects you from poison.
   It prevents most forms of teleportation.
   It protects you from acid and corrosion.
Jewellery
 f - a ring of see invisible (left hand)
 j - an uncursed ring of flight
 n - a ring of protection from cold (right hand)
 s - an uncursed ring of fire
 t - an uncursed ring of poison resistance {unknown}
 F - the amulet of Ecurim (around neck) {*Corrode +Rage rF++ Int+2 Dex+2}
   (You found it on level 7 of the Dungeon)

   [amulet of rage]

   It affects your intelligence (+2).
   It affects your dexterity (+2).
   It greatly protects you from fire.
   It lets you go berserk.
   It may corrode you when you take damage.
Wands
 b - a wand of iceblast (14/15)
 E - a wand of polymorph (17/24)
Scrolls
 e - a scroll of fog
 g - a scroll of enchant armour
 i - 4 scrolls of remove curse
 k - 3 scrolls of enchant weapon
 m - 2 scrolls of identify
 q - a scroll of immolation
 r - 6 scrolls of teleportation
 v - 4 scrolls of recharging
 x - a scroll of blinking {unknown}
 y - a scroll of random uselessness {unknown}
 z - a scroll of silence {unknown}
 A - a scroll of magic mapping
 G - a scroll of amnesia {unknown}
 U - a scroll of noise {unknown}
Potions
 o - a potion of haste
 p - a potion of might
 u - a potion of lignification
 I - a potion of curing
 M - a potion of mutation
 Q - 2 potions of flight
Books
 c - a book of Battle

   Spells                             Type                      Level
   a - Infusion                       Charms                       1
   b - Shroud of Golubria             Charms/Translocation         2
   c - Song of Slaying                Charms                       2
   d - Spectral Weapon                Hexes/Charms                 3
   e - Regeneration                   Charms/Necromancy            3
Comestibles
 d - 8 bread rations
 K - a meat ration


   Skills:
 + Level 7.4 Fighting
 + Level 5.4 Axes
 + Level 5.1 Armour
 * Level 7.2 Dodging
 - Level 1.4 Stealth
 + Level 5.6 Spellcasting
 + Level 6.0 Charms
 + Level 6.6 Necromancy
 * Level 7.1 Invocations


You had 15 spell levels left.
You knew the following spells:

 Your Spells              Type           Power        Failure   Level  Hunger
a - Infusion              Chrm           ####         1%          1    None
b - Shroud of Golubria    Chrm/Tloc      ###.......   6%          2    None
c - Regeneration          Chrm/Necr      #####.....   3%          3    #......


Dungeon Overview and Level Annotations

Branches:
Dungeon (12/15)            Temple (1/1) D:7            Lair (0/6) D:8
    Orc: D:9-12

Altars:
Cheibriados
Dithmenos
Elyvilon
Hepliaklqana
Kikubaaqudgha
Makhleb
Nemelex Xobeh
Okawaru
Qazlal
Ru
Sif Muna
Uskayaw
Xom
Zin
The Shining One

Shops:
D:6 [   D:10 ?   D:11 !


Innate Abilities, Weirdness & Mutations

You have a pair of antennae on your head.
You are mostly covered in large bone plates. (SH +6)
You are slightly more attuned to the shadows.
You have sharp fingernails.
You are agile. (Dex +2)
You tend to lose your temper in combat.
You can translocate small distances at will.
You are covered in fur. (AC +1)


Message History

Your skin stops crawling.
There is a stone staircase leading down here.
You block the eight-headed hydra's attack.
The eight-headed hydra completely misses you.
The eight-headed hydra bites you.
The eight-headed hydra bites you but does no damage.
The eight-headed hydra bites you!
* * * LOW HITPOINT WARNING * * *
Your corrosive artefact corrodes you!
The eight-headed hydra bites you!
* * * LOW HITPOINT WARNING * * *
The eight-headed hydra bites you.
* * * LOW HITPOINT WARNING * * *
The eight-headed hydra barely misses you.
Casting: Infusion
Confirm with . or Enter, or press ? or * to list all spells.
Space distorts slightly along a thin shroud covering your body.
The eight-headed hydra barely misses you.
Your shroud bends the eight-headed hydra's attack away!
The eight-headed hydra bites you!
You die...

..######.#...######........###.#
.............................#.#
.....###+##..#########.###.#.#.#
.............#########.# #.#.#.#
............[.∩......#.###.#.#.#
..............######.#.#..<..#.#
..............# #.#.#.#.#####.#
..............####.#.#.#.......#
...........(...D@..#.#.#########
..............O###.#.#.#
...............###.#.#.#
..............O>.....#.#
..............###.#..#.#
..............# #.#..#.#
........).....# #.#..#.#
###########+#'###.####.#
#..........#.# #.#


You could see an eight-headed hydra and a two-headed ogre.

Vanquished Creatures
  The ghost of anything the Covert, a journeyman OpAs of Dithmenos (D:10)
  A two-headed ogre (D:10)
  A manticore (D:11)
  3 centaur skeletons
  A merfolk (D:9)
  A troll (D:11)
  2 hippogriffs
  9 yaks
  Eustachio (D:4)
  3 wyverns
  2 hungry ghosts
  Menkaure (D:4)
  2 water moccasins
  2 sky beasts (D:6)
  2 orc warriors
  4 ice beasts
  2 necrophages
  3 phantoms
  2 centaurs
  6 bullfrogs
  A gnoll sergeant (D:5)
  A wyvern skeleton (D:11)
  4 scorpions
  A water moccasin skeleton (D:6)
  8 killer bees
  2 howler monkeys
  4 wights (D:10)
  An electric eel (D:10)
  3 crimson imps
  A bullfrog zombie (D:5)
  8 hounds
  A quasit (D:6)
  A jelly (D:10)
  3 orc wizards
  Crazy Yiuf (D:2)
  A bullfrog skeleton (D:7)
  2 orc priests
  2 iguanas
  Terence (D:3)
  6 worker ants
  2 hound skeletons
  3 gnolls (D:6)
  13 adders
  2 shadow imps
  2 oozes (D:2)
  2 adder skeletons
  A worm (D:5)
  6 leopard geckos
  27 orcs
  2 ball pythons (D:4)
  6 giant cockroaches
  5 goblins
  9 hobgoblins
  4 jackals (D:5)
  9 quokkas
  7 bats
  4 frilled lizards
  A jackal skeleton (D:9)
  7 kobolds
  2 leopard gecko zombies
  7 rats
  A plant (D:10)
223 creatures vanquished.

Notes
Turn   | Place    | Note
-------+----------+-------------------------------------------
     0 | D:1      | roguesci the Demonspawn Skald began the quest for the Orb.
     0 | D:1      | Reached XP level 1. HP: 16/16 MP: 3/3
   284 | D:1      | Reached skill level 1 in Armour
   284 | D:1      | Gained mutation: You are partially covered in large bone plates. (SH +4) [demonic ancestry]
   284 | D:1      | Reached XP level 2. HP: 21/22 MP: 5/5
  1137 | D:1      | You fall through a shaft!
  1201 | D:2      | Learned a level 2 spell: Shroud of Golubria
  1258 | D:2      | Reached XP level 3. HP: 25/28 MP: 0/6
  1689 | D:2      | Found a runed door.
  2148 | D:2      | Reached XP level 4. HP: 30/34 MP: 7/7
  2693 | D:2      | Noticed Crazy Yiuf
  2857 | D:1      | Learned a level 3 spell: Regeneration
  2968 | D:2      | Killed Crazy Yiuf
  2968 | D:2      | Reached skill level 1 in Stealth
  3556 | D:3      | Gained mutation: You have a pair of small antennae on your head. [demonic ancestry]
  3556 | D:3      | Reached XP level 5. HP: 32/40 MP: 1/8
  4044 | D:3      | Noticed Terence
  4075 | D:3      | Killed Terence
  5191 | D:4      | Got a smoking ring mail
  5213 | D:4      | Identified the +7 ring mail "Uziwnaat" {*Corrode rElec rPois Int+6} (You found it on level 4 of the Dungeon)
  5247 | D:4      | Noticed Menkaure
  5260 | D:4      | Killed Menkaure
  5260 | D:4      | Reached XP level 6. HP: 41/47 MP: 5/10
  5421 | D:4      | You fall through a shaft!
  5421 | D:5      | Entered Level 5 of the Dungeon
  5602 | D:5      | Reached skill level 1 in Necromancy
  6128 | D:4      | Noticed Eustachio
  6161 | D:4      | Gained mutation: You are occasionally teleported next to monsters. [potion of mutation]
  6161 | D:4      | Gained mutation: You can translocate small distances at will. [potion of mutation]
  6161 | D:4      | Gained mutation: Your magical capacity is low. (-10% MP) [potion of mutation]
  6161 | D:4      | Gained mutation: You are covered in fur. (AC +1) [potion of mutation]
  6164 | D:4      | Killed Eustachio
  6164 | D:4      | Reached XP level 7. HP: 36/54 MP: 5/10
  6609 | D:4      | Lost mutation: You are occasionally teleported next to monsters. [potion of mutation]
  6609 | D:4      | Lost mutation: Your magical capacity is low. (-10% MP) [potion of mutation]
  6609 | D:4      | Gained mutation: You tend to lose your temper in combat. [potion of mutation]
  6609 | D:4      | Gained mutation: You are agile. (Dex +2) [potion of mutation]
  6609 | D:4      | Gained mutation: You have sharp fingernails. [potion of mutation]
  7532 | D:6      | Gained mutation: You are mostly covered in large bone plates. (SH +6) [demonic ancestry]
  7532 | D:6      | Reached XP level 8. HP: 61/61 MP: 13/13
  7564 | D:6      | Found Bomad's Antique Armour Shoppe.
  7640 | D:6      | Found a sparkling altar of Nemelex Xobeh.
  8111 | D:6      | Reached skill level 5 in Fighting
  8234 | D:6      | Found a shadowy altar of Dithmenos.
  8688 | D:6      | Upgraded the game from 0.21-a0-260-g9b2435e to 0.21-a0-264-g3e31e41
  8913 | D:7      | Found a shadowy altar of Dithmenos.
  8985 | D:7      | Gained mutation: You have a pair of antennae on your head. [demonic ancestry]
  8985 | D:7      | Reached XP level 9. HP: 69/69 MP: 9/15
  9201 | D:7      | Got a scintillating crystal amulet
  9451 | D:7      | Reached skill level 5 in Necromancy
  9454 | D:7      | Found a staircase to the Ecumenical Temple.
  9482 | Temple   | Entered the Ecumenical Temple
  9487 | Temple   | Became a worshipper of Uskayaw the Reveler
  9502 | D:7      | Reached * piety under Uskayaw
  9508 | D:7      | Reached ** piety under Uskayaw
  9687 | D:7      | Reached skill level 5 in Dodging
  9799 | D:7      | Reached *** piety under Uskayaw
  9807 | D:7      | Reached **** piety under Uskayaw
 10085 | D:7      | Reached skill level 1 in Invocations
 10346 | D:8      | Reached skill level 5 in Charms
 10351 | D:8      | Noticed a two-headed ogre
 10650 | D:8      | Found a staircase to the Lair.
 11267 | D:8      | Reached ***** piety under Uskayaw
 11357 | D:9      | Noticed a merfolk
 11386 | D:9      | Killed a merfolk
 11655 | D:9      | Gained mutation: You are slightly more attuned to the shadows. [demonic ancestry]
 11655 | D:9      | Reached XP level 10. HP: 46/75 MP: 13/17
 11854 | D:9      | You fall through a shaft for 2 floors!
 11854 | D:11     | Found Lituasoe's Distillery.
 11903 | D:11     | Noticed a purple ugly thing
 11912 | D:11     | Bought a potion of mutation for 112 gold pieces
 11912 | D:11     | Bought a potion of haste for 140 gold pieces
 11912 | D:11     | Bought a potion of might for 56 gold pieces
 12063 | D:11     | Noticed a purple ugly thing
 12064 | D:11     | Noticed a two-headed ogre
 12103 | D:11     | Noticed a purple ugly thing
 12397 | D:12     | Identified the amulet of Ecurim {*Corrode +Rage rF++ Int+2 Dex+2} (You found it on level 7 of the Dungeon)
 12593 | D:10     | Entered Level 10 of the Dungeon
 12665 | D:10     | Found Xyacsy's Magic Scroll Shoppe.
 12716 | D:10     | Got a faintly glowing chain mail
 12728 | D:10     | Identified the +1 chain mail "Zuolul" {rElec rF+} (You found it on level 10 of the Dungeon)
 12768 | D:10     | Reached skill level 5 in Spellcasting
 12768 | D:10     | Reached skill level 5 in Invocations
 12981 | D:10     | Got a pair of translucent boots
 12987 | D:10     | Identified the +1 pair of boots of the Rose {-Tele rPois rCorr Int+3 Dex+4} (You found it on level 10 of the Dungeon)
 13128 | D:10     | Noticed a two-headed ogre
 13135 | D:10     | Killed a two-headed ogre
 13135 | D:10     | Reached skill level 5 in Axes
 13250 | D:10     | Noticed anything's ghost (journeyman OpAs)
 13278 | D:10     | Killed anything's ghost
 13407 | D:10     | Reached XP level 11. HP: 59/84 MP: 14/19
 13408 | D:10     | Reached skill level 5 in Armour
 13414 | D:10     | Reached ****** piety under Uskayaw
 13603 | D:10     | Found a sacrificial altar of Ru.
 14057 | D:11     | Noticed a four-headed hydra
 14058 | D:11     | Noticed a skeletal warrior
 14058 | D:11     | Noticed a skeletal warrior
 14059 | D:11     | Noticed a skeletal warrior
 14062 | D:11     | Noticed a centaur warrior
 14064 | D:11     | Noticed a skeletal warrior
 14338 | D:10     | HP: 4/84 [eight-headed hydra (3)]
 14342 | D:10     | Slain by an eight-headed hydra

Vault maps used:
D:1:      elethiomel_arrival_maze
D:2:      first_bread, uniq_crazy_yiuf_cottage
D:3:      uniq_terence
D:4:      uniq_eustachio, uniq_menkaure
D:5:      st_stairs_12
D:6:      nicolae_dithmenos_shadow_blocks, serial_shops, shop,
          minmay_misc_feat_diagonals, nemelex_diamond_rough_becter
D:7:      minmay_temple_entry_purple_smoke, basic_altar
D:8:      lair_entry_dummy, lemuel_old_faithful
D:9:      hangedman_fish_farm
D:10:     serial_shops, shop, serial_bayou_lagoon_a, st_stairs_1,
          nicolae_ru_sacrificial_ziggurat
D:11:     lab_entry_generic, serial_shops,
          nicolae_shop_temple_entry_statues_fountains
D:12:     david_orc_1_choice, basic_altar
Temple:   dpeg_three_leaves_temple

Skill      XL: |  1  2  3  4  5  6  7  8  9 10 11 |
---------------+----------------------------------+-----
Armour         | 1 2 3 4 5 |  5.1
Axes           | 2 3 4 5 |  5.4
Dodging        | 2 3 4 5 7 |  7.2
Charms         | 3 4 5 6 |  6.0
Stealth        | 1 |  1.4
Fighting       | 3 4 5 6 7 |  7.4
Spellcasting   | 3 4 5 |  5.6
Necromancy     | 2 3 4 5 6 |  6.6
Invocations    | 3 6 7 |  7.1

Action                   |  1- 3 |  4- 6 |  7- 9 | 10-12 || total
-------------------------+-------+-------+-------+-------++-------
Melee: Hand axe          |   144 |   431 |   867 |    93 ||  1535
       War axe           |       |       |       |   130 ||   130
       Battleaxe         |       |       |       |    25 ||    25
Throw: Stone             |       |       |     1 |     1 ||     2
 Cast: Infusion          |    13 |     7 |     8 |     8 ||    36
       Shroud of Golubri |     6 |    36 |    33 |    18 ||    93
       Regeneration      |       |     3 |    26 |    10 ||    39
  Use: Scroll            |       |     3 |     2 |     9 ||    14
       Potion            |       |     6 |    11 |     8 ||    25
 Stab: Sleeping          |     1 |     5 |     3 |     4 ||    13
       Distracted        |       |     1 |       |       ||     1
       Paralysed         |       |       |     6 |    25 ||    31
  Eat: Chunk             |     5 |    10 |    15 |     7 ||    37
       Bread ration      |       |     2 |     1 |       ||     3
       Fruit             |       |     1 |       |       ||     1
       Royal jelly       |       |       |     2 |       ||     2
       Meat ration       |       |       |       |     2 ||     2
Armor: Leather armour    |    38 |    58 |       |       ||    96
       Ring mail         |       |    85 |   407 |   113 ||   605
       Skin              |       |       |    24 |       ||    24
Dodge: Dodged            |    87 |   268 |   563 |   196 ||  1114
Block: Other             |    27 |    67 |   251 |    82 ||   427

Table legend:
 A = Spawn XP
 B = Non-spawn XP
 C = Spawn XP percentage of total XP
 D = Spawn monster count
 E = Non-spawn monster count
 F = Spawn count percentage of total count
 G = Total turns spent on level
                    A         B        C        D         E        F      G
               +---------+---------+-------+---------+---------+-------+---------
         Total |       0 |   13325 |   0.0 |       0 |     222 |   0.0 | 14342
               +---------+---------+-------+---------+---------+-------+---------
           D:1 |       0 |      39 |   0.0 |       0 |      25 |   0.0 |  1444
           D:2 |       0 |     112 |   0.0 |       0 |      21 |   0.0 |  1885
           D:3 |       0 |     189 |   0.0 |       0 |      30 |   0.0 |  1704
           D:4 |       0 |     456 |   0.0 |       0 |       9 |   0.0 |   754
           D:5 |       0 |     599 |   0.0 |       0 |      17 |   0.0 |  1616
           D:6 |       0 |    1233 |   0.0 |       0 |      24 |   0.0 |  1476
           D:7 |       0 |    1567 |   0.0 |       0 |      25 |   0.0 |  1486
           D:8 |       0 |     830 |   0.0 |       0 |      17 |   0.0 |   948
           D:9 |       0 |     568 |   0.0 |       0 |       3 |   0.0 |   532
          D:10 |       0 |    5106 |   0.0 |       0 |      38 |   0.0 |  1566
          D:11 |       0 |    2626 |   0.0 |       0 |      13 |   0.0 |   617
               +---------+---------+-------+---------+---------+-------+---------
